 Dungeon Sprint DCSS version 0.26-a0-660-gc07710193c (webtiles) character file.

Game seed: 17033108615544290789

5168 mhtbhm the Eclecticist (level 10, -3/50 HPs)
             Began as a Deep Elf Earth Elementalist on Oct 7, 2020.
             Was the Champion of Vehumet.
             Killed from afar by Dowan (43 damage)
             ... with a bolt of fire
             ... in the Dungeon (Sprint III: "The Ten Rune Challenge").
             The game lasted 00:06:32 (2151 turns).

mhtbhm the Eclecticist (DEEE)                       Turns: 2151, Time: 00:06:33

Health: -3/50      AC:  2    Str:  5    XL:     10   Next: 34%
Magic:  36/36      EV: 15    Int: 26    God:    Vehumet [******]
Gold:   25         SH:  0    Dex: 15    Spells: 28/50 levels left

rFire    . . .     SeeInvis .   r - +1 dagger (venom)
rCold    . . .     Faith    .   (no shield)
rNeg     . . .     Spirit   .   c - +0 robe
rPois    .         Reflect  .   (no helmet)
rElec    .         Harm     .   (no cloak)
rCorr    .         Rampage  .   (no gloves)
MR       +....     NoTele   +   (no boots)
Stlth    ++........             (no amulet)
HPRegen  0.16/turn              (no ring)
MPRegen  0.25/turn              (no ring)

@: no status effects
A: talons 1, clever 1
a: Renounce Religion


You were in the Dungeon.
You worshipped Vehumet.
Vehumet was exalted by your worship.
You visited 1 branch You collected 25 gold pieces.

Inventory:

Hand Weapons
 r - a +1 dagger of venom (weapon)
Missiles
 b - 4 stones (quivered)
 v - 5 throwing nets
Armour
 c - a +0 robe (worn)
Wands
 s - a wand of random effects (17)
Scrolls
 a - a scroll of enchant weapon {unknown}
 i - a scroll of blinking
 j - a scroll of holy word {unknown}
 k - 2 scrolls of identify
 l - 3 scrolls of remove curse
 o - a scroll of immolation {unknown}
 p - a scroll of fear {unknown}
Potions
 d - a potion of curing
 e - a potion of heal wounds
 f - a potion of haste
 g - 2 potions of magic
 h - 2 potions of berserk rage
 m - a potion of invisibility {unknown}
 n - 5 potions of flight
 q - 3 potions of mutation
 t - a potion of might
Miscellaneous
 u - a tin of tremorstones (inert)


   Skills:
 + Level 5.6 Dodging
 - Level 2.7 Stealth
 - Level 0.1 Unarmed Combat
 + Level 20.7 Spellcasting
 + Level 3.6 Conjurations
 + Level 1.4 Transmutations
 + Level 17.0 Earth Magic
 + Level 1.9 Evocations


You had 28 spell levels left.
You knew the following spells:

 Your Spells              Type           Power        Failure   Level
a - Sandblast             Erth           ######       0%          1
b - Passwall              Tmut/Erth      ######..     1%          2
c - Stone Arrow           Conj/Erth      ######       1%          3
d - Lee's Rapid Deconstr  Erth           #######...   1%          5
e - Petrify               Tmut/Erth      ######..     1%          4
f - Ignite Poison         Fire/Tmut/Pois ####....     1%          3
g - Sticky Flame          Conj/Fire      #####...     1%          4

Your spell library contained the following spells:

 Spells                   Type           Power        Failure   Level
 Freezing Cloud           Conj/Ice/Air   ####......   34%         6
 Animate Skeleton         Necr           ####..       1%          1
 Apportation              Tloc           ####..       1%          1
 Corona                   Hex            ####...      1%          1
 Summon Small Mammal      Summ           ####         1%          1
 Confusing Touch          Hex            ####....     4%          3
 Gell's Gravitas          Tloc           ####......   4%          3
 Yara's Violent Unravell  Hex/Tmut       ####......   9%          5
 Metabolic Englaciation   Hex/Ice        ####......   38%         5


Dungeon Overview and Level Annotations

Branches:
Dungeon (1/1)

Altars:
Cheibriados
Dithmenos
Elyvilon
Fedhas
Gozag
Hepliaklqana
Kikubaaqudgha
Makhleb
Nemelex Xobeh
Okawaru
Qazlal
Ru
Sif Muna
Trog
Uskayaw
Vehumet
Wu Jian
Xom
Yredelemnul
Zin
The Shining One
Beogh
Jiyva
Lugonu

Annotations:
D Dowan, Duvessa


Innate Abilities, Weirdness & Mutations

You have sharp toenails.
Your mind is acute. (Int +2)


Message History

The tremorstone explodes into fragments!
The burst of rock shards engulfs Duvessa!!
The burst of rock shards engulfs Dowan!!
Dowan blinks!
Duvessa throws a curare-tipped dart.
The curare-tipped dart closely misses you.
Unknown command.
Unknown command.
Evoke which item? (* to show all) (? for menu, Esc to quit)
The tremorstone explodes into fragments!
The burst of rock shards engulfs Dowan!
The burst of rock shards engulfs you!!
* * * LOW HITPOINT WARNING * * *
The burst of rock shards engulfs Duvessa!!
The tin is emptied!
You hear a roar!
Unknown command.
You feel much better. Dowan gestures at you while chanting.
The bolt of fire hits you!!!
Ouch! That really hurt!
You die...

#+###########################
#....#.#.#)....#......†...†≈#
##.#).#.##.###)#......#†..≈≈#
'##)#.#.##.#..##......#†..≈≈≈≈#
#...#..#).##..'.......#.†††≈≈≈#
▓▓▓▓▓▓▓▓▓▓▓▓▓▓#(......#†......#
........≈≈≈...#.......#.......#
≈≈≈≈≈≈≈≈≈≈♣♣..'.......#.......#
♣♣♣♣♣♣♣♣♣♣♣♣..#.@.....#########
♣♣♣##e###### ... #..e# #...#
#####


You could see Duvessa and Dowan.

Vanquished Creatures
  Erolcha (D)
  A deep elf mage (D)
  3 wandering mushrooms (D)
  A queen bee (D)
  A shadow (D)
  2 redbacks (D)
  A spatial vortex (D)
  A necrophage (D)
  5 two-headed ogres (D)
  A water elemental (D)
  A scorpion (D)
  32 killer bees (D)
  A jelly (D)
  A wizard (D)
  A necromancer (D)
  3 humans (D)
  A kobold demonologist (D)
  An ooze (D)
  3 rats (D)
  A ballistomycete spore (D)
62 creatures vanquished.

Vanquished Creatures (others)
  6 plants (D)
6 creatures vanquished.

Grand Total: 68 creatures vanquished

Notes
Turn   | Place    | Note
-------+----------+-------------------------------------------
     0 | D        | mhtbhm the Deep Elf Earth Elementalist began the quest for
                  | the Orb.
     0 | D        | Reached XP level 1. HP: 10/10 MP: 6/6
   115 | D        | Reached skill level 4 in Spellcasting
   115 | D        | Reached skill level 5 in Earth Magic
   115 | D        | Reached XP level 2. HP: 15/15 MP: 1/9
   189 | D        | Noticed a scorpion
   194 | D        | Killed a scorpion
   194 | D        | Reached skill level 6 in Spellcasting
   194 | D        | Reached XP level 3. HP: 19/19 MP: 4/13
   194 | D        | Reached XP level 4. HP: 24/24 MP: 4/14
   198 | D        | Learned a level 2 spell: Passwall
   202 | D        | Learned a level 3 spell: Stone Arrow
   228 | D        | Gained mutation: You have sharp toenails. [potion of
                  | mutation]
   228 | D        | Gained mutation: Your mind is acute. (Int +2) [potion of
                  | mutation]
   268 | D        | Noticed a water elemental
   273 | D        | Killed a water elemental
   273 | D        | Reached skill level 7 in Spellcasting
   520 | D        | Found a radiant altar of Vehumet.
   520 | D        | Found a shimmering blue altar of Sif Muna.
   520 | D        | Found an ancient bone altar of Kikubaaqudgha.
   520 | D        | Noticed a wizard
   524 | D        | Killed a wizard
   524 | D        | Reached skill level 8 in Spellcasting
   524 | D        | Reached XP level 5. HP: 27/28 MP: 12/18
   528 | D        | Reached skill level 9 in Spellcasting
   540 | D        | Became a worshipper of Vehumet
   810 | D        | Learned a level 5 spell: Lee's Rapid Deconstruction
   815 | D        | Learned a level 4 spell: Petrify
   822 | D        | Found a basalt altar of Yredelemnul.
   822 | D        | Found a shadowy altar of Dithmenos.
   822 | D        | Found a sacrificial altar of Ru.
   822 | D        | Noticed a necrophage
   823 | D        | Reached skill level 5 in Dodging
   823 | D        | Reached skill level 1 in Conjurations
   824 | D        | Killed a necrophage
   824 | D        | Reached skill level 10 in Spellcasting
   824 | D        | Reached skill level 10 in Earth Magic
   824 | D        | Reached XP level 6. HP: 32/32 MP: 8/21
   902 | D        | Noticed a shadow
   905 | D        | Killed a shadow
   905 | D        | Reached * piety under Vehumet
   905 | D        | Offered knowledge of Foxfire by Vehumet.
   905 | D        | Reached skill level 12 in Spellcasting
  1021 | D        | Found a hide-covered altar of Uskayaw.
  1021 | D        | Found a roughly hewn altar of Beogh.
  1021 | D        | Found an iron altar of Okawaru.
  1021 | D        | Found a bloodstained altar of Trog.
  1021 | D        | Found an ornate altar of the Wu Jian Council.
  1021 | D        | Noticed a human
  1021 | D        | Noticed a human
  1022 | D        | Killed a human
  1022 | D        | Reached skill level 13 in Spellcasting
  1022 | D        | Reached XP level 7. HP: 36/36 MP: 18/25
  1023 | D        | Killed a human
  1023 | D        | Reached ** piety under Vehumet
  1023 | D        | Reached skill level 14 in Spellcasting
  1128 | D        | Found a glowing silver altar of Zin.
  1128 | D        | Found a glowing golden altar of the Shining One.
  1128 | D        | Found a white marble altar of Elyvilon.
  1128 | D        | Noticed a deep elf mage
  1131 | D        | Killed a deep elf mage
  1131 | D        | Offered knowledge of Magic Dart by Vehumet.
  1131 | D        | Reached skill level 15 in Spellcasting
  1131 | D        | Reached XP level 8. HP: 41/41 MP: 12/29
  1203 | D        | Found a blossoming altar of Fedhas.
  1203 | D        | Found a stormy altar of Qazlal.
  1203 | D        | Found a snail-covered altar of Cheibriados.
  1203 | D        | Found a burning altar of Makhleb.
  1203 | D        | Found a shimmering altar of Xom.
  1204 | D        | Found a hazy altar of Hepliaklqana.
  1204 | D        | Found an opulent altar of Gozag.
  1204 | D        | Found a sparkling altar of Nemelex Xobeh.
  1204 | D        | Found a corrupted altar of Lugonu.
  1204 | D        | Found a viscous altar of Jiyva.
  1264 | D        | Offered knowledge of Static Discharge by Vehumet.
  1264 | D        | Reached *** piety under Vehumet
  1264 | D        | Reached skill level 16 in Spellcasting
  1381 | D        | Noticed a two-headed ogre
  1390 | D        | Killed a two-headed ogre
  1492 | D        | Noticed Erolcha
  1493 | D        | Noticed a two-headed ogre
  1495 | D        | Killed Erolcha
  1495 | D        | Offered knowledge of Ignite Poison by Vehumet.
  1495 | D        | Reached skill level 18 in Spellcasting
  1495 | D        | Reached skill level 15 in Earth Magic
  1495 | D        | Reached XP level 9. HP: 45/45 MP: 20/33
  1497 | D        | Killed a two-headed ogre
  1497 | D        | Reached **** piety under Vehumet
  1598 | D        | Learned a level 3 spell: Ignite Poison
  1616 | D        | Offered knowledge of Sticky Flame by Vehumet.
  1626 | D        | Learned a level 4 spell: Sticky Flame
  1684 | D        | Noticed a wandering mushroom
  1796 | D        | Noticed a wandering mushroom
  1798 | D        | Killed a wandering mushroom
  1798 | D        | Reached skill level 19 in Spellcasting
  1800 | D        | Noticed a wandering mushroom
  1836 | D        | Killed a wandering mushroom
  1930 | D        | Noticed a queen bee
  1931 | D        | Reached ***** piety under Vehumet
  1931 | D        | Offered knowledge of Freezing Cloud by Vehumet.
  1931 | D        | Reached skill level 1 in Evocations
  1931 | D        | Reached XP level 10. HP: 49/50 MP: 35/35
  1933 | D        | Reached skill level 20 in Spellcasting
  1933 | D        | Reached ****** piety under Vehumet
  2147 | D        | Noticed Dowan
  2147 | D        | Noticed Duvessa
  2151 | D        | Killed from afar by Dowan

Illustrated notes

Levels and vault maps discovered:
D:        dungeon_sprint_mu [sprint_mu_entry_cave, sprint_mu_temple_rooms,
          sprint_mu_d1_spiders, sprint_mu_d2_genie, sprint_mu_d3_branching,
          sprint_mu_orc_legion, sprint_mu_elf_gauntlet, sprint_mu_hive_nellie,
          sprint_mu_lair_fedhas, sprint_mu_vaults_butterflies,
          sprint_mu_slime_circle, sprint_mu_swamp_cave, sprint_mu_shoals_kraken,
          sprint_mu_blade_basic, sprint_mu_crypt_chambers,
          sprint_mu_tomb_spiral, sprint_mu_vestibule_basic,
          sprint_mu_gehenna_hellfire, sprint_mu_dis_giant,
          sprint_mu_tartarus_statrot, sprint_mu_cocytus_islands, sprint_mu_zot1]

Skill      XL: |  1  2  3  4  5  6  7  8  9 10 |
---------------+-------------------------------+-----
Earth Magic    | 5 7 8 10 11 13 15 16 17 | 17.0
Dodging        | 3 4 5 |  5.6
Spellcasting   | 4 6 8 10 13 15 18 19 20 | 20.7
Conjurations   | 1 2 3 |  3.6
Evocations     | 1 |  1.9
Stealth        | |  2.7
Unarmed Combat | |  0.1
Transmutations | |  1.4

Action                   |  1- 3 |  4- 6 |  7- 9 | 10-12 || total
-------------------------+-------+-------+-------+-------++-------
Melee: Unarmed           |     5 |       |       |       ||     5
       Dagger            |       |       |     1 |       ||     1
 Cast: Sandblast         |    14 |    12 |       |       ||    26
       Stone Arrow       |       |     2 |    13 |       ||    15
       Lee's Rapid Decon |       |     5 |    21 |     5 ||    31
       Petrify           |       |       |     2 |       ||     2
       Sticky Flame      |       |       |       |     1 ||     1
Evoke: Tin of tremorston |       |       |     1 |     5 ||     6
  Use: Potion            |       |     1 |       |     1 ||     2
       Scroll            |       |       |     1 |       ||     1
 Stab: Sleeping          |       |       |     1 |       ||     1
Armor: Robe              |       |       |       |     1 ||     1
Dodge: Dodged            |     8 |     1 |     3 |     4 ||    16

Table legend: (Time is in decaauts)
 A = Elapsed time spent in this place.
 B = Non-inter-level travel time spent in this place.
 C = Inter-level travel time spent in this place.
 D = Time resting spent in this place.
 E = Time spent auto-exploring this place.
 F = Levels seen in this place.
 G = Mean time per level.
                   A        B        C        D        E       F      G
               +--------+--------+--------+--------+--------+-----+--------+
         Total |   2153 |   2153 |      0 |   1660 |     12 |   1 | 2153.0 |
       Dungeon |   2153 |   2153 |      0 |   1660 |     12 |   1 | 2153.0 |
               +--------+--------+--------+--------+--------+-----+--------+

Top non-repeatable levels by time:
       D: 2153 daAuts
